 Dungeon Crawl Stone Soup version 0.23-a0-147-g7935be9 (webtiles) character file.

1810 HeiDawu the Covert (level 8, -2/41 HPs)
             Began as a Spriggan Assassin on Sept 6, 2018.
             Was a Follower of Wu Jian.
             Shot with an arrow by a centaur (15 damage)
             ... on level 7 of the Dungeon.
             The game lasted 00:39:17 (7890 turns).

HeiDawu the Covert (Spriggan Assassin)              Turns: 7890, Time: 00:39:18

Health: -2/41      AC:  3    Str:  8      XL:     8   Next: 84%
Magic:  9/9        EV: 21    Int: 12      God:    Wu Jian [*.....]
Gold:   384        SH:  0    Dex: 15 (19) Spells: 7/7 levels left

rFire    . . .     SeeInvis +   a - +2 dagger (venom)
rCold    . . .     Gourm    .   (shield restricted)
rNeg     . . .     Faith    .   c - +0 robe
rPois    +         Spirit   .   (helmet restricted)
rElec    .         Reflect  .   d - +0 cloak
rCorr    .         Harm     .   (gloves unavailable)
MR       ++...                  (boots unavailable)
Stlth    +++++.....             k - amulet of the acrobat
HPRegen  0.13/turn              z - ring of protection from magic
MPRegen  0.11/turn              w - ring of poison resistance

@: drained, very quick
A: very small, unfitting armour, see invisible, herbivore, speed 3, slow
metabolism 2
a: Renounce Religion


You were on level 7 of the Dungeon.
You worshipped Wu Jian.
Wu Jian was aware of your devotion.
You were not hungry.

You visited 1 branch of the dungeon, and saw 7 of its levels.

You collected 384 gold pieces.

Inventory:

Hand Weapons
 a - a +2 dagger of venom (weapon)
 b - a +1 blowgun
Missiles
 e - 26 poisoned needles
 f - 2 curare-tipped needles
 i - 192 stones (quivered)
 y - a throwing net
Armour
 c - a +0 robe (worn)
 d - a +0 cloak (worn)
Jewellery
 k - an amulet of the acrobat (around neck)
 o - an uncursed ring of ice
 w - a ring of poison resistance (right hand)
 z - a ring of protection from magic (left hand)
Wands
 B - a wand of clouds (4)
Scrolls
 h - a scroll of fear {unknown}
 j - 3 scrolls of enchant weapon
 m - 2 scrolls of identify
 n - 4 scrolls of remove curse
 q - a scroll of random uselessness {unknown}
 s - a scroll of magic mapping
 u - a scroll of blinking {unknown}
 v - a scroll of fog {unknown}
 x - a scroll of amnesia {unknown}
 A - a scroll of teleportation {unknown}
 D - a scroll of immolation {unknown}
 E - a scroll of enchant armour {unknown}
Potions
 l - a potion of mutation
 p - a potion of berserk rage
 r - a potion of lignification
 t - 4 potions of curing
 C - a potion of brilliance
 F - 2 potions of degeneration {unknown}
Comestibles
 g - 8 rations


   Skills:
 + Level 3.6(3.3) Fighting
 + Level 5.5(5.1) Short Blades
 + Level 4.8(4.5) Throwing
 + Level 6.5(6.1) Dodging
 * Level 12.3(11.9) Stealth


You had 7 spell levels left.
You didn't know any spells.
Your spell library contained the following spells:

 Spells                   Type           Power        Failure   Level  Hunger
 Magic Dart               Conj           #...         32%         1    ##.....
 Searing Ray              Conj           #.....       45%         2    ###....
 Dazzling Spray           Conj/Hex       #.....       69%         3    ####...
 Force Lance              Conj/Tloc      #.......     97%         4    #####..
 Fulminant Prism          Conj/Hex       #.........   97%         4    #####..
 Iskenderun's Mystic Bla  Conj           #.......     97%         4    #####..


Dungeon Overview and Level Annotations

Branches:
Dungeon (7/15)             Temple (0/1) D:5

Altars:
Cheibriados
Dithmenos
Fedhas
Gozag
Nemelex Xobeh
Qazlal
Trog
Wu Jian


Innate Abilities, Weirdness & Mutations

You are very small and have problems with some larger weapons.
You are too small for most types of armour.
You have supernaturally acute eyesight. (SInv)
You are a herbivore.
You cover ground extremely quickly.
You need to consume almost no food.


Message History

a club; a potion of mutation; an orc corpse You lunge at the wight.
You hit the wight but do no damage.
The wight hits you with an enchanted scimitar!
You feel drained.
You are too injured to fight recklessly!
Items here: )) [[ a club; a ring mail; a flail of holy wrath; a shiny plate armour The Council accepts your kill.
You feel a bit more experienced.
A leopard gecko comes into view.
Found a scroll of remove curse.
The leopard gecko hisses angrily.
You hear an angry hiss.
An iguana comes into view.
A centaur comes into view.
The centaur shouts!
You see here a scroll of remove curse.
n - 4 scrolls of remove curse (gained 1)
The centaur wields a shortbow.
The centaur shoots an arrow.
The arrow hits you!
The centaur shoots an arrow.
The arrow hits you!
You die...

***#.#####.# #.#.# *,* #)#
#.....#.###.#.# *,* #.#
####..##.......#.####+#######.###
..h...z....h....h..l.............
####.......#####l###....########.
#.#######***#.#**....#**** ##
#..,,,,,,,,,#l##.......,,* #.
#...,,,,,,,,#..........,,* #.
##...,,,,,,,#@.........,,* #.
*....,,,,,,#........,.,,* #.
*####.*****#.##.....,,,,* #.
*,*****#.#*..c..,,,,* ##
*,,,,,,..#*,....,,,,* #
*******###*,....,,,,* *,,...,,,,*
***********


You could see a centaur, an iguana, a hound and a leopard gecko.

Vanquished Creatures
  Prince Ribbit (D:7)
  An ice beast (D:7)
  An orc warrior (D:7)
  2 sky beasts
  5 ogres
  A centaur (D:5)
  A bullfrog (D:6)
  A scorpion (D:5)
  2 crimson imps
  A centaur zombie (D:5)
  2 hounds
  A quasit (D:6)
  A jelly (D:5)
  2 iguanas
  3 worker ants
  A hound skeleton (D:4)
  A howler monkey zombie (D:5)
  A worker ant zombie (D:6)
  10 adders
  2 shadow imps
  An ooze (D:3)
  An adder zombie (D:6)
  3 worms
  3 dart slugs
  6 leopard geckos
  19 orcs
  6 giant cockroaches
  9 hobgoblins
  7 jackals
  6 quokkas
  A ball python (D:1)
  17 bats
  A frilled lizard (D:2)
  A giant cockroach zombie (D:6)
  2 goblins
  6 kobolds
  6 rats
135 creatures vanquished.

Notes
Turn   | Place    | Note
-------+----------+-------------------------------------------
     0 | D:1      | HeiDawu the Spriggan Assassin began the quest for the Orb.
     0 | D:1      | Reached XP level 1. HP: 10/10 MP: 2/2
    58 | D:1      | Reached skill level 6 in Stealth
   240 | D:1      | Reached XP level 2. HP: 10/14 MP: 3/3
   984 | D:2      | Reached skill level 7 in Stealth
  1044 | D:2      | Reached XP level 3. HP: 18/18 MP: 4/4
  1217 | D:2      | Found a stormy altar of Qazlal.
  1219 | D:2      | Noticed a fire elemental
  1229 | D:2      | Reached XP level 4. HP: 22/23 MP: 5/5
  1258 | D:2      | Noticed an air elemental
  1266 | D:2      | Noticed a water elemental
  1272 | D:2      | Noticed an earth elemental
  2397 | D:3      | Reached skill level 8 in Stealth
  3312 | D:4      | Reached XP level 5. HP: 17/26 MP: 6/6
  3426 | D:4      | Noticed an ogre
  3428 | D:4      | Killed an ogre
  3665 | D:4      | Reached XP level 6. HP: 22/30 MP: 7/7
  3711 | D:4      | Reached skill level 9 in Stealth
  4012 | D:5      | Entered Level 5 of the Dungeon
  4061 | D:5      | Found an ornate altar of the Wu Jian Council.
  4071 | D:5      | Became a worshipper of the Wu Jian Council
  4095 | D:5      | Noticed a sky beast
  4145 | D:5      | Killed a sky beast
  4353 | D:5      | Found an opulent altar of Gozag.
  4403 | D:5      | Reached XP level 7. HP: 35/35 MP: 8/8
  4556 | D:5      | Reached skill level 10 in Stealth
  5074 | D:5      | Found a staircase to the Ecumenical Temple.
  5450 | D:6      | Reached * piety under Wu Jian
  6918 | D:6      | Reached XP level 8. HP: 22/39 MP: 9/9
  7090 | D:6      | Found a shadowy altar of Dithmenos.
  7092 | D:6      | Found a blossoming altar of Fedhas.
  7094 | D:6      | Found a bloodstained altar of Trog.
  7098 | D:6      | Found a sparkling altar of Nemelex Xobeh.
  7157 | D:7      | Reached skill level 5 in Dodging
  7157 | D:7      | Reached skill level 11 in Stealth
  7418 | D:7      | Reached skill level 5 in Short Blades
  7433 | D:7      | Noticed Prince Ribbit
  7439 | D:7      | Killed Prince Ribbit
  7493 | D:7      | Found a snail-covered altar of Cheibriados.
  7513 | D:7      | Reached skill level 12 in Stealth
  7890 | D:7      | Shot with an arrow by a centaur

Vault maps used:
D:1:      sevenhm_arrival_forest_fort_large_4, minmay_misc_feat_ornament
D:2:      nicolae_qazlal_style_of_elements
D:3:      first_ration, minmay_misc_feat_diagonals
D:4:      roderic_batcave
D:5:      overflow_temple_1_default, lemuel_round_altar,
          minmay_temple_entry_hall
D:6:      minitemple
D:7:      cheibrodos_worm_habitat, grunt_livestock, uniq_prince_ribbit1

Skill      XL: |  1  2  3  4  5  6  7  8 |
---------------+-------------------------+-----
Stealth        | 6 7 8 9 10 12 | 12.3
Dodging        | 2 3 4 6 |  6.5
Fighting       | 2 3 |  3.6
Short Blades   | 3 4 5 |  5.5
Throwing       | 3 4 |  4.8

Action                   |  1- 3 |  4- 6 |  7- 9 || total
-------------------------+-------+-------+-------++-------
Melee: Dagger            |    68 |   174 |   310 ||   552
       Blowgun           |       |       |     4 ||     4
 Fire: Blowgun           |    20 |    54 |    19 ||    93
Throw: Stone             |     6 |    11 |    32 ||    49
Invok: Lunge             |       |     1 |    40 ||    41
       Whirlwind         |       |       |    80 ||    80
  Use: Scroll            |       |     4 |     5 ||     9
       Potion            |       |       |     1 ||     1
 Stab: Sleeping          |    12 |    15 |    14 ||    41
       Distracted        |       |     2 |     1 ||     3
  Eat: Ration            |       |     1 |     2 ||     3
Armor: Robe              |    13 |    22 |    37 ||    72
Dodge: Dodged            |    58 |   166 |   268 ||   492

Table legend:
 A = Non-vault XP
 B = Vault XP
 C = Vault XP percentage of total XP
 D = Non-vault monster count
 E = Vault monster count
 F = Vault count percentage of total count
                 A         B        C        D         E       F
            +---------+---------+-------+---------+---------+-------
      Total |    2284 |     302 |  11.7 |     125 |      10 |   7.4
            +---------+---------+-------+---------+---------+-------
        D:1 |      25 |       0 |   0.0 |      15 |       0 |   0.0
        D:2 |      79 |       0 |   0.0 |      24 |       0 |   0.0
        D:3 |      58 |       0 |   0.0 |      17 |       0 |   0.0
        D:4 |     348 |      11 |   3.1 |      19 |       8 |  29.6
        D:5 |     685 |       0 |   0.0 |      22 |       0 |   0.0
        D:6 |     247 |       0 |   0.0 |      16 |       0 |   0.0
        D:7 |     842 |     291 |  25.7 |      12 |       2 |  14.3
            +---------+---------+-------+---------+---------+-------
